 Dungeon Sprint DCSS version 0.22.1-1-ga44c0e56f4 (webtiles) character file.

1769 MuseOD the Unseen (level 8, -9/48 HPs)
             Began as a Spriggan Enchanter on Oct 1, 2018.
             Was a Believer of Dithmenos.
             Mangled by a centaur warrior (12 damage)
             ... in the Dungeon (Sprint III: "The Ten Rune Challenge").
             The game lasted 00:03:11 (1208 turns).

MuseOD the Unseen (Spriggan Enchanter)              Turns: 1208, Time: 00:03:12

Health: -9/48      AC:  4    Str:  4    XL:     8   Next: 80%
Magic:  2/13       EV: 18    Int: 19    God:    Dithmenos [**....]
Gold:   23         SH:  0    Dex: 16    Spells: 6/12 levels left

rFire    . . .     SeeInvis +   a - +1 dagger
rCold    . . .     Gourm    .   (shield restricted)
rNeg     . . .     Faith    .   r - +2 robe
rPois    .         Spirit   .   (helmet restricted)
rElec    .         Reflect  .   (no cloak)
rCorr    .         Harm     .   (gloves unavailable)
MR       +....     NoTele   +   (boots unavailable)
Stlth    ++++++++..             (no amulet)
HPRegen  0.16/turn              (no ring)
MPRegen  0.13/turn              (no ring)

@: wreathed by umbra, very quick
A: very small, unfitting armour, see invisible, herbivore, speed 3, slow
metabolism 2
a: Shadow Step, Renounce Religion


You were in the Dungeon.
You worshipped Dithmenos.
Dithmenos was pleased with you.
You were not hungry.

You visited 1 branch You collected 23 gold pieces.

Inventory:

Hand Weapons
 a - a +1 dagger (weapon)
Armour
 b - a +0 robe
 r - a +2 robe (worn)
Wands
 p - a wand of paralysis (8)
Scrolls
 j - a scroll of blinking
 k - 3 scrolls of holy word {unknown}
 l - 3 scrolls of identify
 m - a scroll of fog {unknown}
 n - a scroll of enchant weapon {unknown}
Potions
 c - 5 potions of mutation {unknown}
 e - a potion of curing
 f - 2 potions of heal wounds
 g - a potion of haste
 h - a potion of magic
 i - 2 potions of berserk rage
 o - a potion of flight {unknown}
 q - a potion of resistance {unknown}
Comestibles
 d - 4 rations


   Skills:
 + Level 8.3 Fighting
 * Level 14.6 Short Blades
 - Level 3.0 Dodging
 + Level 15.1 Stealth
 - Level 2.6 Spellcasting
 - Level 3.6 Hexes


You had 6 spell levels left.
You knew the following spells:

 Your Spells              Type           Power        Failure   Level  Hunger
a - Corona                Hex            ###....      3%          1    None
b - Ensorcelled Hibernat  Hex/Ice        #.....       12%         2    ##.....
c - Confuse               Hex            ###.....     11%         3    ###....

Your spell library contained the following spells:

 Spells                   Type           Power        Failure   Level  Hunger
 Confusing Touch          Hex            ###...       3%          1    None
 Tukima's Dance           Hex            ###.....     11%         3    ###....
 Animate Skeleton         Necr           N/A          16%         1    None
 Apportation              Tloc           #.....       16%         1    None
 Summon Small Mammal      Summ           #...         16%         1    None
 Dazzling Spray           Conj/Hex       #.....       22%         3    ###....


Dungeon Overview and Level Annotations

Branches:
Dungeon (1/1)

Altars:
Dithmenos
Elyvilon
Kikubaaqudgha
Okawaru
Ru
Sif Muna
Trog
Uskayaw
Vehumet
Wu Jian
Yredelemnul
Zin
The Shining One
Beogh


Innate Abilities, Weirdness & Mutations

You are very small and have problems with some larger weapons.
You are too small for most types of armour.
You have supernaturally acute eyesight. (SInv)
You are a herbivore.
You cover ground extremely quickly.
You need to consume almost no food.


Message History

The centaur warrior is moderately wounded.
The centaur warrior hits you but does no damage.
You hit the centaur warrior but do no damage.
The centaur warrior is moderately wounded.
You hit the centaur warrior but do no damage.
The centaur warrior is moderately wounded.
The centaur warrior misses you.
You hit the centaur warrior but do no damage.
The centaur warrior is moderately wounded.
The centaur warrior misses you.
You hit the centaur warrior.
The centaur warrior is moderately wounded.
The centaur warrior hits you!
* * * LOW HITPOINT WARNING * * *
You hit the centaur warrior but do no damage.
The centaur warrior is moderately wounded.
You hit the centaur warrior but do no damage.
The centaur warrior is moderately wounded.
The centaur warrior stops glowing.
The centaur warrior hits you!
You die...

#__.#._# #'###)##
....)[)# .......#
######'# #
#...#+#############
#
#...#..≈≈§'.#c(...+
#
#...#§#≈)§#.#c#...#
#
#...§§#§§§#.#@#cc.#
#
+...#.#§§§#...#c..#
▓
▓▓▓▓▓▓▓▓▓▓▓▓▓▓▓▓▓▓#


You could see a centaur warrior and a centaur.

Vanquished Creatures
  Erica (D)
  A deep elf mage (D)
  A shadow (D)
  A necrophage (D)
  A scorpion (D)
  A jelly (D)
  Jessica (D)
  A wizard (D)
  A necromancer (D)
  3 humans (D)
  A kobold demonologist (D)
  An ooze (D)
  A rat (D)
15 creatures vanquished.

Vanquished Creatures (others)
  2 draconian scorchers (D)
  6 hellions (D)
  A yaktaur (D)
9 creatures vanquished.

Grand Total: 24 creatures vanquished

Notes
Turn   | Place    | Note
-------+----------+-------------------------------------------
     0 | D        | MuseOD the Spriggan Enchanter began the quest for the Orb.
     0 | D        | Reached XP level 1. HP: 9/9 MP: 5/5
    13 | D        | Reached skill level 1 in Fighting
    13 | D        | Reached skill level 5 in Stealth
    38 | D        | Noticed Jessica
    41 | D        | Killed Jessica
    41 | D        | Reached skill level 6 in Stealth
    41 | D        | Reached XP level 2. HP: 15/15 MP: 6/6
    41 | D        | Reached XP level 3. HP: 18/18 MP: 8/8
    45 | D        | Learned a level 2 spell: Ensorcelled Hibernation
    49 | D        | Learned a level 3 spell: Confuse
    66 | D        | Reached skill level 5 in Short Blades
    66 | D        | Reached skill level 7 in Stealth
    79 | D        | Killed a yaktaur
   108 | D        | Noticed a scorpion
   114 | D        | Killed a scorpion
   114 | D        | Reached skill level 8 in Stealth
   114 | D        | Reached XP level 4. HP: 24/24 MP: 6/9
   123 | D        | Killed a hellion
   124 | D        | Killed a hellion
   124 | D        | Killed a hellion
   127 | D        | Killed a hellion
   128 | D        | Killed a hellion
   155 | D        | Noticed a water elemental
   198 | D        | Killed a white draconian scorcher
   207 | D        | Killed a hellion
   211 | D        | Killed a white draconian scorcher
   308 | D        | Found a basalt altar of Yredelemnul.
   308 | D        | Found a shadowy altar of Dithmenos.
   308 | D        | Found a sacrificial altar of Ru.
   308 | D        | Noticed a necrophage
   323 | D        | Killed a necrophage
   323 | D        | Reached skill level 10 in Stealth
   323 | D        | Reached XP level 5. HP: 23/30 MP: 0/10
   344 | D        | Became a worshipper of Dithmenos the Shadowed
   458 | D        | Found a glowing silver altar of Zin.
   458 | D        | Found a glowing golden altar of the Shining One.
   458 | D        | Found a white marble altar of Elyvilon.
   458 | D        | Noticed a deep elf mage
   461 | D        | Noticed a fire elemental
   461 | D        | Noticed a fire elemental
   462 | D        | Noticed a fire elemental
   462 | D        | Noticed a fire elemental
   710 | D        | Found a hide-covered altar of Uskayaw.
   710 | D        | Found an iron altar of Okawaru.
   712 | D        | Noticed a human
   713 | D        | Noticed a human
   725 | D        | Killed a human
   725 | D        | Reached skill level 5 in Fighting
   725 | D        | Reached skill level 10 in Short Blades
   725 | D        | Reached skill level 11 in Stealth
   725 | D        | Reached XP level 6. HP: 26/35 MP: 2/11
   730 | D        | Killed a deep elf mage
   730 | D        | Reached skill level 13 in Stealth
   730 | D        | Reached XP level 7. HP: 29/41 MP: 2/12
   732 | D        | Killed a human
   732 | D        | Reached * piety under Dithmenos
   807 | D        | Found a roughly hewn altar of Beogh.
   807 | D        | Found a bloodstained altar of Trog.
   807 | D        | Found an ornate altar of the Wu Jian Council.
   838 | D        | Found a radiant altar of Vehumet.
   839 | D        | Found a deep blue altar of Sif Muna.
   839 | D        | Found an ancient bone altar of Kikubaaqudgha.
   858 | D        | Noticed a shadow
   867 | D        | Killed a shadow
   867 | D        | Reached ** piety under Dithmenos
   867 | D        | Reached XP level 8. HP: 46/46 MP: 9/13
   871 | D        | Reached skill level 14 in Stealth
   903 | D        | Noticed Erica
   917 | D        | Killed Erica
   917 | D        | Reached skill level 15 in Stealth
  1180 | D        | Noticed a centaur warrior
  1208 | D        | Mangled by a centaur warrior

Skill      XL: |  1  2  3  4  5  6  7  8 |
---------------+-------------------------+-----
Fighting       | 2 3 4 5 6 7 8 |  8.3
Short Blades   | 4 6 9 10 12 13 14 | 14.6
Stealth        | 6 8 10 11 13 15 | 15.1
Dodging        | |  3.0
Spellcasting   | |  2.6
Hexes          | |  3.6

Action                   |  1- 3 |  4- 6 |  7- 9 || total
-------------------------+-------+-------+-------++-------
Melee: Dagger            |    12 |    17 |    37 ||    66
 Cast: Ensorcelled Hiber |     3 |       |       ||     3
       Confuse           |       |    11 |     7 ||    18
       Corona            |       |       |     1 ||     1
Evoke: Wand              |       |     1 |     3 ||     4
  Use: Potion            |       |     2 |       ||     2
 Stab: Sleeping          |     3 |       |     3 ||     6
       Paralysed         |       |     1 |     1 ||     2
       Confused          |       |     1 |     3 ||     4
Armor: Robe              |     1 |       |     1 ||     2
Dodge: Dodged            |     9 |    12 |    16 ||    37
